 Dungeon Crawl Stone Soup version 0.30.1-11-g7821555f0a (webtiles) character file.

Game seed: 1228737425517280762

2509 jagang the Fighter (level 9, 0/117 HPs)
             Began as a Barachi Monk on Nov 13, 2023.
             Was a Believer of the Shining One.
             Slain by a killer bee (3 damage)
             ... on level 7 of the Dungeon.
             The game lasted 00:23:29 (7127 turns).

jagang the Fighter (Barachi Monk)                   Turns: 7127, Time: 00:23:30

Health: 0/117      AC: 24    Str: 19    XL:     9   Next: 53%
Magic:  9/9        EV:  2    Int: 11    God:    the Shining One [**....]
Gold:   266        SH:  0    Dex: 24    Spells: 8/8 levels left

rFire   . . .        s - +0 long sword
rCold   . . .        a - +2 tower shield
rNeg    + . .        q - melded +0 pearl dragon scales
rPois   +            v - melded +0 helmet
rElec   .            y - melded +0 cloak
rCorr   .            (gloves currently unavailable)
SInv    .            e - melded +0 pair of boots
Will    .....        k - amulet of the acrobat
Stlth   +            H - +6 ring of strength
HPRegen 0.39/turn    F - +6 ring of dexterity
MPRegen 0.11/turn

%: acrobat
@: confused, mighty, lethally poisoned (0 -> -8), divinely shielded, tree-form,
ambrosia-drunk, hasted, glowing, invisible (but backlit and visible), very quick
A: stationary, stasis, torment immunity, boosted hp, (amphibious), (slowness 1),
(strong legs 1), +LOS
a: Renounce Religion, Divine Shield


You were on level 7 of the Dungeon.
You worshipped the Shining One.
The Shining One was pleased with you.
You were a tree.
You visited 2 branches of the dungeon, and saw 8 of its levels.

You collected 266 gold pieces.

Inventory:

Hand Weapons
 s - a +0 long sword (weapon)
 I - the +5 whip of Mehulaikh {protect, rCorr SInv}
   (You found it on level 6 of the Dungeon)

   SInv:      It lets you see invisible.
   rCorr:     It protects you from acid and corrosion.
Missiles
 u - 16 poisoned darts
Armour
 a - a +2 tower shield (worn)
 d - an orb of light
 e - a +0 pair of boots (melded)
 q - +0 pearl dragon scales (melded)
 v - a +0 helmet (melded)
 y - a +0 cloak (melded)
 A - the +5 chain mail of Riesaf {rC+}
   (You found it on level 3 of the Dungeon)

   rC:        It protects you from cold.
Jewellery
 k - an amulet of the acrobat (around neck)
 x - a +6 ring of intelligence
 F - a +6 ring of dexterity (right branch)
 H - a +6 ring of strength (left branch)
Wands
 i - a wand of paralysis (1)
Scrolls
 g - 2 scrolls of fog
 l - 4 scrolls of enchant weapon
 o - 7 scrolls of teleportation
 p - a scroll of brand weapon
 w - 2 scrolls of amnesia {unknown}
 B - a scroll of enchant armour {unknown}
 C - a scroll of butterflies {unknown}
 D - a scroll of vulnerability {unknown}
 J - a scroll of fear {unknown}
 K - a scroll of torment {unknown}
Potions
 b - 2 potions of might
 f - 2 potions of haste
 h - a potion of berserk rage {unknown}
 j - 2 potions of attraction {unknown}
 m - 2 potions of invisibility
 n - 2 potions of curing {unknown}
 t - a potion of magic {unknown}
 z - 2 potions of lignification
 E - a potion of mutation {unknown}
 G - a potion of flight {unknown}


   Skills:
 * Level 10.2 Fighting
 + Level 7.6 Long Blades
 - Level 2.0 Throwing
 + Level 6.4 Armour
 + Level 6.7 Dodging


You had 8 spell levels left.
You didn't know any spells.
Your spell library was empty.

Dungeon Overview and Level Annotations

Branches:
Dungeon (7/15)             Temple (1/1) D:4

Altars:
Ashenzari
Cheibriados
Dithmenos
Elyvilon
Fedhas
Gozag
Hepliaklqana
Kikubaaqudgha
Makhleb
Nemelex Xobeh
Okawaru
Qazlal
Ru
Sif Muna
Trog
Uskayaw
Wu Jian
Xom
The Shining One

Shops:
D:6 *


Innate Abilities, Weirdness & Mutations

You are a tree.
Your roots penetrate the ground, keeping you stationary.
You cannot be teleported.
You are immune to unholy pain and torment.
Your maximum health is greatly increased.
Your equipment is partially melded.
((You are amphibious.))
((You cover ground slowly.))
((You can hop short distances.))
You have an extended range of vision and can be seen from far away.


Message History

Your +0 cloak melds into your body.
Your +0 helmet melds into your body.
Your +0 pair of boots melds into your body.
Your +0 pearl dragon scales melds into your body.
Your roots penetrate the ground.
You feel sick. You block the water moccasin's attack.
You block the killer bee's attack. The killer bee stings you.
* * * LOW HITPOINT WARNING * * *
You are lethally poisoned!
The killer bee poisons you!
You are confused.
You feel invigorated.
* * * LOW HITPOINT WARNING * * *
You feel sick.
The killer bee stings you but does no damage. x2
The water moccasin completely misses you.
You cannot move. (Use ctrl+direction or * direction to attack while stationary and confused.)
You cannot move. (Use ctrl+direction or * direction to attack while stationary and confused.)
You cannot move. (Use ctrl+direction or * direction to attack while stationary and confused.)
You cannot move. (Use ctrl+direction or * direction to attack while stationary and confused.)
You closely miss the water moccasin.
The water moccasin is moderately wounded.
* * * LOW HITPOINT WARNING * * *
You feel very sick. The killer bee stings you.
* * * LOW HITPOINT WARNING * * *
The killer bee barely misses you.
The water moccasin bites you but does no damage.
The killer bee stings you but does no damage.
The killer bee barely misses you.
The water moccasin bites you but does no damage.
You attack the rock wall.
* * * LOW HITPOINT WARNING * * *
You feel very sick.
The killer bee stings you but does no damage.
The killer bee stings you.
* * * LOW HITPOINT WARNING * * *
The killer bee stings you.
* * * LOW HITPOINT WARNING * * *
The killer bee stings you.
You die...

.....................####
#........................
##.......#.(.....#.......
#.....#......#......#....
#...#.)...#.....#.....#..
#..#..))#....#....#....#
##...#...#...#.y.#...#
#...#..#..#..#yy#y5#..#
##.#.#.#.#.#.#y#♣#.#
#.##.##.##.###S## # ##
###.###)# #)# . ##.####
### # ### # ###### #
#.#..# # ##.#.# # ###.#


You could see a water moccasin, 4 killer bees and a white imp.

Vanquished Creatures
  Sigmund (D:3)
  A steam dragon (D:7)
  A water moccasin (D:5)
  A sky beast (D:6)
  3 ice beasts
  3 centaurs
  A phantom (D:5)
  A kobold brigand (D:5)
  2 bullfrogs (D:6)
  A gnoll sergeant (D:7)
  A scorpion (D:6)
  A howler monkey (D:5)
  3 iron imps (D:4)
  2 jellies
  8 hounds
  An orc priest (D:4)
  Crazy Yiuf (D:3)
  Jessica (D:2)
  2 iguanas (D:5)
  Ijyb (D:4)
  4 sleepcaps
  Natasha (thrice) (D:3)
  4 orc wizards
  Robin (D:3)
  7 adders
  2 white imps
  2 dart slugs
  22 orcs
  11 ball pythons
  6 bats
  4 giant cockroaches
  15 goblins
  9 hobgoblins
  4 quokkas
  A frilled lizard (D:2)
  16 kobolds
  23 rats
170 creatures vanquished.

Notes
Turn   | Place    | Note
-------+----------+-------------------------------------------
     0 | D:1      | jagang the Barachi Monk began the quest for the Orb.
     0 | D:1      | Reached XP level 1. HP: 18/18 MP: 1/1
   238 | D:1      | Reached skill level 4 in Fighting
   238 | D:1      | Reached XP level 2. HP: 25/25 MP: 2/2
   347 | D:1      | Reached skill level 1 in Armour
   481 | D:1      | Found a faded altar of an unknown god.
   922 | D:2      | Reached XP level 3. HP: 31/31 MP: 3/3
  1037 | D:2      | Noticed Jessica
  1050 | D:2      | Killed Jessica
  1115 | D:2      | Reached XP level 4. HP: 38/38 MP: 4/4
  1710 | D:3      | Noticed Robin
  1725 | D:3      | Reached skill level 5 in Fighting
  1727 | D:3      | Killed Robin
  1727 | D:3      | Noticed Natasha
  1737 | D:3      | Killed Natasha
  1738 | D:3      | Reached XP level 5. HP: 30/44 MP: 5/5
  1761 | D:3      | Reached skill level 1 in Throwing
  1855 | D:3      | Noticed Natasha
  1860 | D:3      | Killed Natasha
  1965 | D:3      | Noticed Sigmund
  1983 | D:3      | Killed Sigmund
  1984 | D:3      | Reached skill level 6 in Fighting
  1984 | D:3      | Reached XP level 6. HP: 43/52 MP: 6/6
  2355 | D:3      | Found a runed translucent door.
  2356 | D:3      | Noticed Crazy Yiuf
  2484 | D:3      | Reached skill level 5 in Long Blades
  2556 | D:3      | Identified the +5 chain mail of Riesaf {rC+}
  2609 | D:3      | Noticed Natasha
  2613 | D:3      | Killed Natasha
  2851 | D:3      | Killed Crazy Yiuf
  2852 | D:3      | Reached XP level 7. HP: 58/59 MP: 7/7
  3027 | D:4      | Noticed Ijyb
  3040 | D:4      | Killed Ijyb
  3194 | D:4      | Found a burning altar of Makhleb.
  3348 | D:4      | Found a staircase to the Ecumenical Temple.
  3384 | Temple   | Entered the Ecumenical Temple
  3587 | Temple   | Became a worshipper of the Shining One
  3587 | Temple   | Reached * piety under the Shining One
  3587 | Temple   | Reached ** piety under the Shining One
  4043 | D:4      | Reached skill level 7 in Fighting
  4115 | D:5      | Entered Level 5 of the Dungeon
  4243 | D:5      | Reached skill level 5 in Dodging
  4243 | D:5      | Reached XP level 8. HP: 52/67 MP: 8/8
  4322 | D:5      | Identified the +1 robe of Limitation {Will+ Str-3 Int+6}
  4406 | D:5      | Reached skill level 8 in Fighting
  4426 | D:5      | Reached skill level 5 in Armour
  4832 | D:5      | Found a bloodstained altar of Trog.
  5175 | D:6      | Found Qoahosmi's Elemental Accessories.
  5322 | D:6      | Reached skill level 9 in Fighting
  5345 | D:6      | Reached XP level 9. HP: 74/76 MP: 9/9
  5506 | D:6      | Found an iron altar of Okawaru.
  5944 | D:6      | Identified the +5 whip of Mehulaikh {protect, rCorr SInv}
  6298 | D:7      | Reached skill level 10 in Fighting
  7126 | D:7      | HP: 5/117 [killer bee (5)]
  7127 | D:7      | Slain by a killer bee

Illustrated notes

Levels and vault maps discovered:
D:1:      dpeg_arrival_lava_temple_mockup, layout_loops_ring,
          dreamdust_ecumenical_altar_angels_and_demons, minmay_unequal
D:2:      layout_loops_corners, minivault_4, uniq_jessica
D:3:      layout_loops_corners, uniq_robin, uniq_crazy_yiuf_cottage,
          uniq_natasha, uniq_sigmund
D:4:      layout_basic, demons_altar, minmay_temple_entry_sparse_star,
          minmay_rat_hole, uniq_ijyb
D:5:      layout_cave_pools, general_overflow_altar, corner_web_ring,
          nicolae_underground_beach
D:6:      layout_basic, lemuel_doored_altar, nicolae_elemental_shop,
          minmay_starry_boxes
D:7:      layout_loops_ring, hangedman_glass_teeth, minmay_increasing_density
Temple:   regret_index_temple_sphere_string

Skill      XL: |  1  2  3  4  5  6  7  8  9 |
---------------+----------------------------+-----
Fighting       | 4 5 6 7 9 10 | 10.2
Armour         | 1 2 3 4 5 6 |  6.4
Long Blades    | 4 5 6 7 |  7.6
Throwing       | 2 |  2.0
Dodging        | 4 5 6 |  6.7

Action                     |  1- 3 |  4- 6 |  7- 9 || total
---------------------------+-------+-------+-------++-------
  Melee: Falchion          |    60 |       |       ||    60
         Long sword        |     8 |   129 |   379 ||   516
 Invoke: Divine Shield     |       |       |     2 ||     2
Ability: Hop               |       |       |     2 ||     2
  Evoke: Wand              |       |       |     1 ||     1
    Use: Scroll            |       |       |     4 ||     4
         Potion            |       |       |    10 ||    10
 Armour: Plate armour      |    33 |       |       ||    33
         Pearl dragon scal |    11 |    70 |   274 ||   355
         Skin              |       |       |     6 ||     6
  Dodge: Dodged            |    25 |    84 |   209 ||   318
  Block: Tower shield      |       |       |   450 ||   450
